 Dungeon Crawl Stone Soup version 0.30-a0-122-g2a1322497e (webtiles) character file.

Game seed: 12803285792980072029

13902 Newt the Carver (level 11, -1/81 HPs)
             Began as a Demonspawn Gladiator on Sept 15, 2022.
             Slain by a shadow (28 damage)
             ... on level 12 of the Dungeon.
             The game lasted 00:19:14 (12560 turns).

Newt the Carver (Demonspawn Gladiator)             Turns: 12560, Time: 00:19:14

Health: -1/81      AC:  8    Str: 24    XL:     11   Next: 81%
Magic:  11/11      EV: 16    Int: 12    God:
Gold:   599        SH:  7    Dex: 16    Spells: 10/10 levels left

rFire   . . .      SeeInvis .    E - +10 falchion "Hapsosur" {speed, rPois Int+4}
rCold   . . .      Faith    .    t - +1 buckler
rNeg    . . .      Spirit   .    F - +0 scale mail of Egalitarianism {Harm Rampage Str+7 Int-2}
rPois   +          Reflect  .    (helmet unavailable)
rElec   .          Harm     +    n - +0 cloak
rCorr   .          Rampage  +    (no gloves)
Will    .....                    l - +0 pair of boots
Stlth   ++........               m - amulet of regeneration
HPRegen 1.03/turn                (no ring)
MPRegen 0.12/turn                (no ring)

@: no status effects
A: horns 3, repulsion field 2, ignite blood 2, spiny 1, mutation resistance 1
a: no special abilities


You were on level 12 of the Dungeon.
You visited 1 branch of the dungeon, and saw 12 of its levels.
You also visited: Bailey.

You collected 599 gold pieces.

Inventory:

Hand Weapons
 a - a +1 rapier
 k - a +1 short sword of protection
 u - the +4 dagger "Morg" {pain, Will+ Int+5}
   (You found it on level 5 of the Dungeon)

   In the hands of one skilled in necromantic magic, it inflicts extra damage on
   living creatures.
   Int:       It affects your intelligence (+5).
   Will:      It increases your willpower.
 E - the +10 falchion "Hapsosur" (weapon) {speed, rPois Int+4}
   (You found it on level 8 of the Dungeon)

   Attacks with this weapon are significantly faster.
   Int:       It affects your intelligence (+4).
   rPois:     It protects you from poison.
Missiles
 e - 2 javelins
 H - a throwing net
Armour
 b - a +0 leather armour
 c - a +0 helmet
 l - a +0 pair of boots (worn)
 n - a +0 cloak (worn)
 t - a +1 buckler (worn)
 D - a +0 troll leather armour
 F - the +0 scale mail of Egalitarianism (worn) {Harm Rampage Str+7 Int-2}
   (You found it on level 8 of the Dungeon)

   Str:       It affects your strength (+7).
   Int:       It affects your intelligence (-2).
   Harm:      It increases damage dealt and taken.
   Rampage:   It bestows one free step when moving towards enemies.
Jewellery
 d - a ring of protection from cold
 m - an amulet of regeneration (around neck)
 s - an amulet of the acrobat
 v - a ring of fire
 y - a ring of see invisible
 B - a ring of ice
 I - a ring of flight
Wands
 q - a wand of roots (7)
 r - a wand of polymorph (7)
 w - a wand of mindburst (6) (quivered)
 P - a wand of light (5)
Scrolls
 f - 2 scrolls of butterflies
 p - a scroll of vulnerability
 z - 3 scrolls of magic mapping
 A - 3 scrolls of blinking
 C - a scroll of enchant weapon
 J - 3 scrolls of teleportation
 K - a scroll of poison
 R - a scroll of amnesia
Potions
 g - 4 potions of magic
 i - 2 potions of curing
 j - 2 potions of flight
 o - 5 potions of degeneration
 x - a potion of might
 G - a potion of lignification
 L - 2 potions of invisibility {unknown}
Miscellaneous
 M - a condenser vane
 N - a box of beasts


   Skills:
 - Level 6.0 Fighting
 - Level 8.0(9.7) Short Blades
 - Level 8.5(10.0) Long Blades
 - Level 1.7 Throwing
 - Level 8.2 Dodging
 - Level 5.0 Stealth
 - Level 7.1 Shields
 + Level 5.2 Evocations


You had 10 spell levels left.
You didn't know any spells.
Your spell library contained the following spells:

 Spells                   Type           Power      Damage    Failure   Level
 Magic Dart               Conj           0%         1d3       71%         1
 Necrotise                Necr           0%         1d4       71%         1
 Scorch                   Fire           0%         2d5       85%         2
 Searing Ray              Conj           0%         2d4       85%         2
 Dazzling Flash           Conj/Hex       0%         N/A       97%         3
 Gell's Gravitas          Tloc           0%         N/A       97%         3
 Lesser Beckoning         Tloc           0%         N/A       97%         3
 Teleport Other           Tloc           0%         N/A       97%         3
 Vampiric Draining        Necr           0%         2d6       97%         3
 Flame Wave               Conj/Fire      0%         2d4       100%        4
 Fulminant Prism          Conj/Hex       0%         3d6       100%        4
 Iskenderun's Mystic Bla  Conj/Tloc      0%         2d3       100%        4
 Olgreb's Toxic Radiance  Pois           0%         N/A       100%        4
 Agony                    Necr           0%         N/A       100%        5
 Freezing Cloud           Conj/Ice/Air   0%         6-21      100%        5
 Simulacrum               Ice/Necr       0%         N/A       100%        6
 Starburst                Conj/Fire      0%         6d3       100%        6
 Summon Cactus Giant      Summ           0%         N/A       100%        6
 Ozocubu's Refrigeration  Ice            0%         4d7       100%        7
 Ignition                 Fire           0%         3d3       100%        8
 Polar Vortex             Ice            0%         N/A       100%        9


Dungeon Overview and Level Annotations

Branches:
Dungeon (12/15)            Temple (0/1) D:6            Lair (0/5) D:11
    Orc (0/2) D:9          Bailey (visited)

Altars:
Hepliaklqana
Okawaru

Shops:
D:3 (   D:5 :


Innate Abilities, Weirdness & Mutations

You have a pair of large horns on your head.
You are surrounded by a moderate repulsion field. (EV +3)
Your demonic aura often causes spilled blood to erupt in flames.
You are partially covered in sharp spines.
You are somewhat resistant to further mutation.


Message History

The grasping roots constrict the acid dragon.
The acid dragon struggles to escape constriction.
The roots lose their grip on something.
Aiming: Mindburst
Press: ? - help, Shift-Dir - straight line, f - acid dragon
Aim: an acid dragon (moderately wounded, chance to affect: 81%)
The acid dragon barely resists.
Unknown command.
Aiming: Mindburst
Press: ? - help, Shift-Dir - straight line, f/p - acid dragon
Aim: an acid dragon (moderately wounded, chance to affect: 81%)
The acid dragon's mind is blasted!
Unknown command.
Aiming: Mindburst
Press: ? - help, Shift-Dir - straight line, f/p - acid dragon
Aim: an acid dragon (severely wounded, chance to affect: 81%)
The acid dragon's mind is blasted!!
You blow up the acid dragon!
The acid dragon scales are intact enough to wear.
Unknown command.
You start resting.
A shadow comes into view.
A shadow is nearby!
A shadow is nearby!
You rampage towards the shadow!
You rampage towards the shadow!
You are no longer corroded.
You closely miss the shadow. You barely miss the shadow.
The shadow barely misses you.
You slash the shadow!
The shadow is heavily damaged.
You closely miss the shadow. Your headbutt misses the shadow.
The shadow is heavily damaged.
The shadow slips into darkness.
The shadow flickers and vanishes!
Deactivating autopickup; reactivate with Ctrl-A.
You miss something. Your headbutt misses something. You hit something.
The shadow strikes at you from the darkness!
You die...

#.## #######..# ######..#.....#
#.#.......##..# ##.......#.....#
#........#.....#####.
###..###..............
#######.#...##..............
######....#.....@{†..............
#........................).......
#............................#...
#......###.......................
...........#.....................
..........##.....................
..........#......................
.................#...............
...........#######


There were no monsters in sight!

Vanquished Creatures
  A two-headed ogre (D:7)
  2 ugly things
  3 cyclopes
  A manticore (D:8)
  A gargoyle (D:12)
  A kobold demonologist (D:9)
  An unseen horror (D:11)
  A komodo dragon (D:10)
  A troll (D:7)
  2 centaur simulacra (D:10)
  A vampire (D:11)
  Sigmund (D:4)
  A wraith (D:10)
  19 yaks
  3 wyverns
  2 shadows
  A steam dragon (D:8)
  Edmund (D:3)
  An acid dragon (D:12)
  A spectral hornet (D:5)
  3 ogres
  An ice beast (D:10)
  2 black bears
  11 orc warriors
  A centaur (D:10)
  2 phantoms
  2 kobold brigands
  3 bullfrogs
  4 necrophages
  3 gnoll sergeants
  5 scorpions
  A water moccasin zombie (D:5)
  12 wights
  6 killer bees (D:7)
  2 howler monkeys
  4 jellies
  Crazy Yiuf (D:2)
  A hound (D:4)
  10 orc priests
  A water moccasin simulacrum (D:5)
  4 iguanas
  11 orc wizards
  Natasha (D:4)
  A hound skeleton (D:5)
  Robin (D:4)
  16 gnolls
  8 adders
  3 shadow imps
  2 white imps
  2 ufetubi
  2 worms
  50 orcs
  10 bats
  10 endoplasms
  5 giant cockroaches
  23 goblins
  16 hobgoblins
  6 jackals
  17 kobolds
  4 quokkas
  3 ball pythons
  6 frilled lizards
  5 rats
326 creatures vanquished.

Vanquished Creatures (others)
  4 plants (D:6)
  15 withered plants (D:5)
19 creatures vanquished.

Grand Total: 345 creatures vanquished

Notes
Turn   | Place    | Note
-------+----------+-------------------------------------------
     0 | D:1      | Newt the Demonspawn Gladiator began the quest for the Orb.
     0 | D:1      | Reached XP level 1. HP: 16/16 MP: 1/1
    43 | D:1      | Reached skill level 1 in Stealth
   131 | D:1      | Gained mutation: You have a pair of small horns on your
                  | head. [demonic ancestry]
   131 | D:1      | Reached XP level 2. HP: 10/22 MP: 2/2
   458 | D:1      | Gained mutation: Your demonic aura sometimes causes spilled
                  | blood to erupt in flames. [demonic ancestry]
   458 | D:1      | Reached XP level 3. HP: 13/28 MP: 3/3
  1516 | D:2      | Gained mutation: You are surrounded by a mild repulsion
                  | field. (EV +2) [demonic ancestry]
  1516 | D:2      | Reached XP level 4. HP: 30/37 MP: 4/4
  1703 | D:2      | Found a runed translucent door.
  1704 | D:2      | Noticed Crazy Yiuf
  2196 | D:2      | Killed Crazy Yiuf
  2404 | D:3      | Gained mutation: Your demonic aura often causes spilled
                  | blood to erupt in flames. [demonic ancestry]
  2404 | D:3      | Reached XP level 5. HP: 42/42 MP: 5/5
  2894 | D:3      | Found Yrryatowk's Weapon Shop.
  3797 | D:4      | Noticed Edmund
  4198 | D:3      | Killed Edmund
  4199 | D:3      | Gained mutation: You are partially covered in sharp spines.
                  | [demonic ancestry]
  4199 | D:3      | Reached XP level 6. HP: 27/48 MP: 6/6
  4478 | D:4      | Reached XP level 7. HP: 54/54 MP: 7/7
  4535 | D:4      | Noticed Sigmund
  4787 | D:3      | Reached skill level 5 in Stealth
  4997 | D:4      | Killed Sigmund
  4998 | D:4      | Reached skill level 5 in Short Blades
  5076 | D:4      | Noticed Robin
  5089 | D:4      | Killed Robin
  5294 | D:4      | Noticed Natasha
  5304 | D:4      | Killed Natasha
  5588 | D:5      | Entered Level 5 of the Dungeon
  5616 | D:5      | Reached XP level 8. HP: 47/60 MP: 8/8
  5644 | D:5      | Found Ynuheose's Book Emporium.
  5657 | D:5      | Found an iron altar of Okawaru.
  6277 | D:5      | Found a hazy altar of Hepliaklqana.
  6357 | D:5      | Found the +4 dagger "Morg" {pain, Will+ Int+5}
  6370 | D:5      | Reached skill level 5 in Fighting
  6405 | D:5      | Gained mutation: You have a pair of horns on your head.
                  | [demonic ancestry]
  6405 | D:5      | Reached XP level 9. HP: 50/69 MP: 9/9
  6406 | D:5      | Reached skill level 1 in Shields
  7031 | D:6      | Gained mutation: Your body sometimes deteriorates upon
                  | taking damage. [potion of mutation]
  7031 | D:6      | Gained mutation: You have a beak for a mouth. [potion of
                  | mutation]
  7032 | D:6      | Lost mutation: Your body sometimes deteriorates upon taking
                  | damage. [potion of mutation]
  7032 | D:6      | Lost mutation: You have a beak for a mouth. [potion of
                  | mutation]
  7032 | D:6      | Gained mutation: You are somewhat resistant to further
                  | mutation. [potion of mutation]
  7153 | D:6      | Found a staircase to the Ecumenical Temple.
  7465 | D:7      | Reached skill level 5 in Shields
  7962 | D:7      | Found a flagged portal.
  7971 | Bailey   | Entered a bailey
  8112 | Bailey   | Noticed an orc warlord
  8116 | Bailey   | Gained mutation: You are surrounded by a moderate repulsion
                  | field. (EV +3) [demonic ancestry]
  8116 | Bailey   | Reached XP level 10. HP: 10/76 MP: 10/10
  8131 | Bailey   | HP: 2/76 [orc warrior/+0 broad axe (22)]
  8187 | Bailey   | Reached skill level 5 in Dodging
  9072 | D:8      | Noticed a two-headed ogre
  9073 | D:8      | Noticed a manticore
  9075 | D:8      | Noticed a red ugly thing
  9119 | D:7      | Killed a two-headed ogre
  9557 | D:8      | Killed a manticore
  9693 | D:8      | HP: 3/76 [red ugly thing (17)]
  9694 | D:8      | Killed a red ugly thing
  9914 | D:8      | Identified the +10 falchion "Hapsosur" {speed, rPois Int+4}
  9916 | D:8      | Identified the +0 scale mail of Egalitarianism {Harm
                  | Rampage Str+7 Int-2}
  9949 | D:8      | Reached skill level 1 in Long Blades
 10577 | D:9      | Found a staircase to the Orcish Mines.
 10894 | D:10     | Entered Level 10 of the Dungeon
 10898 | D:10     | Noticed a cyclops
 10908 | D:10     | Killed a cyclops
 10909 | D:10     | Reached skill level 5 in Long Blades
 10909 | D:10     | Gained mutation: You have a pair of large horns on your
                  | head. [demonic ancestry]
 10909 | D:10     | Reached XP level 11. HP: 69/81 MP: 11/11
 11771 | D:11     | Found a staircase to the Lair.
 11843 | D:11     | Reached skill level 1 in Evocations
 11900 | D:11     | Noticed a red ugly thing
 11908 | D:11     | Killed a red ugly thing
 12531 | D:12     | Reached skill level 5 in Evocations
 12560 | D:12     | Slain by a shadow

Illustrated notes

Levels and vault maps discovered:
D:1:      minmay_arrival_solitary_statue, layout_basic, grunt_decor_junction,
          minmay_misc_feat_tiny
D:2:      layout_loops_corners, hangedman_decor_diamond_cutter,
          uniq_crazy_yiuf_cottage
D:3:      layout_basic, serial_shops, nicolae_shop_crystal,
          minmay_misc_feat_room
D:4:      layout_gridville, uniq_sigmund, uniq_natasha, uniq_edmund, uniq_robin
D:5:      layout_basic, okawaru_gym_becter, lemuel_doored_altar, serial_shops,
          nicolae_shop_advertising_works [nicolae_subvault_shop_adworks],
          dilly_guarded_unrand_morg
D:6:      layout_loops_cross, minmay_temple_entry_overgrown
D:7:      layout_loops_ring, enter_bailey_4, hangedman_decor_clover_reticule
D:8:      layout_cave_pools, minmay_radiant
D:9:      layout_roguey, orc_0_dummy
D:10:     layout_cave_pools, serial_ice, serial_ice_o, serial_ice_b,
          serial_ice_d, serial_ice_g
D:11:     layout_long_grid, lair_entry_dummy
D:12:     layout_cave_pools

Skill      XL: |  1  2  3  4  5  6  7  8  9 10 11 |
---------------+----------------------------------+-----
Stealth        | 2 4 5 |  5.0
Fighting       | 3 4 6 |  6.0
Short Blades   | 3 4 6 8 |  8.0
Dodging        | 4 8 |  8.2
Shields        | 7 |  7.1
Long Blades    | 5 8 |  8.5
Evocations     | 5 |  5.2
Throwing       | |  1.7

Action                   |  1- 3 |  4- 6 |  7- 9 | 10-12 || total
-------------------------+-------+-------+-------+-------++-------
Melee: Rapier            |    97 |       |       |       ||    97
       Headbutt          |    13 |    23 |   119 |    56 ||   211
       Short sword       |       |   158 |   245 |       ||   403
       Punch             |       |     3 |       |       ||     3
       Dagger            |       |       |   265 |   102 ||   367
       Falchion          |       |       |       |   197 ||   197
Throw: Throwing net      |     1 |     4 |       |     1 ||     6
       Javelin           |     1 |     3 |     4 |     2 ||    10
Evoke: Wand              |       |       |     1 |    17 ||    18
  Use: Scroll            |     3 |     3 |     5 |    11 ||    22
       Potion            |       |       |     7 |     2 ||     9
 Stab: Held in net/web   |     1 |       |       |       ||     1
       Sleeping          |     6 |     6 |     5 |     4 ||    21
       Distracted        |       |     2 |     2 |       ||     4
Armor: Leather armour    |    24 |    29 |    95 |       ||   148
       Scale mail        |       |       |       |    21 ||    21
       Troll leather arm |       |       |       |     1 ||     1
Dodge: Dodged            |    67 |   107 |   291 |   125 ||   590
Block: Buckler           |       |       |    91 |    67 ||   158

Table legend: (Time is in decaauts)
 A = Elapsed time spent in this place.
 B = Non-inter-level travel time spent in this place.
 C = Inter-level travel time spent in this place.
 D = Time resting spent in this place.
 E = Time spent auto-exploring this place.
 F = Levels seen in this place.
 G = Mean time per level.
                   A        B        C        D        E       F      G
               +--------+--------+--------+--------+--------+-----+--------+
         Total |  12293 |  11957 |    336 |   2963 |   6779 |  13 |  945.6 |
       Dungeon |  12074 |  11738 |    336 |   2949 |   6768 |  12 | 1006.2 |
        Bailey |    218 |    218 |      0 |     14 |     11 |   1 |  218.0 |
               +--------+--------+--------+--------+--------+-----+--------+

Top non-repeatable levels by time:
     D:3: 2087 daAuts
     D:7: 1801 daAuts
     D:2: 1488 daAuts
     D:1: 1115 daAuts
     D:5: 1039 daAuts
     D:4: 859 daAuts
     D:8: 834 daAuts
    D:11: 768 daAuts
    D:10: 761 daAuts
     D:6: 685 daAuts
     D:9: 557 daAuts
  Bailey: 218 daAuts
    D:12: 74 daAuts
